 Dungeon Crawl Stone Soup version 0.27.1-3-gb3d3a73c9e (webtiles) character file.

Game seed: 13582953186407656763

3657 belegose the Spear-Bearer (level 10, -9/120 HPs)
             Began as a Merfolk Gladiator on Oct 5, 2021.
             Was a Follower of Makhleb.
             Mangled by a gargoyle (12 damage)
             ... on level 8 of the Dungeon.
             The game lasted 00:23:13 (9418 turns).

belegose the Spear-Bearer (Merfolk Gladiator)       Turns: 9418, Time: 00:23:13

Health: -9/120     AC:  7    Str: 17    XL:     10   Next: 12%
Magic:  11/11      EV: 20    Int:  7    God:    Makhleb [*.....]
Gold:   250        SH:  0    Dex: 17    Spells: 9/9 levels left

rFire    + . .     SeeInvis +   a - +0 trident
rCold    . . .     Faith    .   (no shield)
rNeg     . . .     Spirit   .   i - +0 ring mail
rPois    .         Reflect  .   x - +0 helmet
rElec    .         Harm     .   n - +0 cloak
rCorr    .         Rampage  .   (no gloves)
Will     .....                  (no boots)
Stlth    ..........             (no amulet)
HPRegen  0.30/turn              m - +4 ring of evasion
MPRegen  0.12/turn              D - ring of protection from fire

@: berserking, attractive, hasted, very quick
A: (nimble swimmer 2), mertail, see invisible, MP-powered wands
a: Renounce Religion


You were on level 8 of the Dungeon.
You worshipped Makhleb.
Makhleb was aware of your devotion.
You visited 2 branches of the dungeon, and saw 9 of its levels.
You also visited: Sewer.

You collected 333 gold pieces.
You spent 83 gold pieces at shops.

Inventory:

Hand Weapons
 a - a +0 trident (weapon)
 f - a +0 war axe
 z - a +2 dagger of electrocution
 F - a +2 falchion
Missiles
 b - 12 poisoned darts
 d - 3 throwing nets
 g - 167 stones (quivered)
 A - 11 javelins
Armour
 i - a +0 ring mail (worn)
 n - a +0 cloak (worn)
 x - a +0 helmet (worn)
Magical Staves
 u - a staff of death
Jewellery
 m - a +4 ring of evasion (left hand)
 r - a ring of flight
 D - a ring of protection from fire (right hand)
Scrolls
 c - 2 scrolls of enchant armour {unknown}
 e - a scroll of noise {unknown}
 h - 4 scrolls of identify {unknown}
 j - 2 scrolls of immolation {unknown}
 o - a scroll of silence {unknown}
 p - 2 scrolls of amnesia {unknown}
 q - a scroll of enchant weapon {unknown}
 t - a scroll of acquirement {unknown}
 v - a scroll of torment {unknown}
 y - 2 scrolls of fear {unknown}
 B - a scroll of fog {unknown}
Potions
 l - 3 potions of lignification
 s - 2 potions of attraction
 C - a potion of haste
 E - a potion of might


   Skills:
 - Level 7.6 Fighting
 + Level 10.8 Polearms
 - Level 7.0 Throwing
 + Level 1.3 Armour
 - Level 9.7 Dodging
 + Level 2.2 Invocations
 + Level 2.0 Evocations


You had 9 spell levels left.
You didn't know any spells.
Your spell library contained the following spells:

 Spells                   Type           Power      Damage    Failure   Level
 Magic Dart               Conj           0%         1d3       65%         1
 Shock                    Conj/Air       0%         1d3       65%         1
 Corpse Rot               Necr/Air       N/A        N/A       78%         2
 Ensorcelled Hibernation  Hex/Ice        0%         N/A       78%         2
 Poisonous Vapours        Pois/Air       0%         N/A       78%         2
 Searing Ray              Conj           0%         3d3       78%         2
 Spider Form              Tmut/Pois      0%         N/A       95%         3
 Swiftness                Air            0%         N/A       95%         3
 Airstrike                Air            0%         N/A       100%        4
 Fulminant Prism          Conj/Hex       0%         3d6       100%        4
 Freezing Cloud           Conj/Ice/Air   0%         6-21      100%        5
 Shadow Creatures         Summ           N/A        N/A       100%        6


Dungeon Overview and Level Annotations

Branches:
Dungeon (8/15)             Temple (1/1) D:7           Sewer (visited)
   Lair: D:8-11

Altars:
Ashenzari
Cheibriados
Dithmenos
Elyvilon
Fedhas
Gozag
Hepliaklqana
Kikubaaqudgha
Makhleb
Nemelex Xobeh
Okawaru
Qazlal
Sif Muna
Trog
Uskayaw
Vehumet
Wu Jian
Xom
Yredelemnul
Zin
The Shining One

Shops:
D:5 (


Innate Abilities, Weirdness & Mutations

((You are quick and stealthy near water. (Stealth+, EV+, Speed+++)))
Your lower body shifts to a powerful aquatic tail in water.
You have supernaturally acute eyesight. (SInv)
You expend magic power (3 MP) to strengthen your wands.


Message History

You closely miss the gargoyle. The gargoyle closely misses you.
You hit the gargoyle.
The gargoyle is lightly damaged.
The gargoyle hits you with a +0 mace!
You hit the gargoyle.
The gargoyle is lightly damaged.
You hit the gargoyle but do no damage.
The gargoyle is lightly damaged.
The gargoyle hurls a stone arrow at you.
The stone arrow hits you!!
You hit the gargoyle but do no damage.
The gargoyle is lightly damaged.
The gargoyle misses you.
You puncture the gargoyle!
The gargoyle is heavily damaged.
The gargoyle hits you with a +0 mace!
* * * LOW HITPOINT WARNING * * *
You hit the gargoyle but do no damage.
The gargoyle is heavily damaged.
The gargoyle hits you with a +0 mace!
* * * LOW HITPOINT WARNING * * *
It was a potion of attraction.
You feel attractive to monsters.
The gargoyle hurls a stone arrow at you.
The stone arrow misses you.
It was a potion of haste.
You feel yourself speed up.
The gargoyle hurls a stone arrow at you.
The stone arrow misses you.
It was a potion of mutation.
You feel extremely strange.
You feel your magical essence link to the dungeon's wands.
Your vision sharpens.
It was a potion of berserk rage.
A red film seems to cover your vision as you go berserk!
You feel yourself moving faster!
You feel mighty! The gargoyle misses you.
You puncture the gargoyle!
The gargoyle is severely damaged.
You hit the gargoyle but do no damage.
The gargoyle is severely damaged.
The gargoyle hits you with a +0 mace!
You die...

# ######### ###.
#.......# .....
#.#####.#
#!..#####.### #.#
#..9@......# #.#
#.######.#.###.##
#........#
#.#.####.# #.#.##
#.# . #....###.#
.. #.....##.#
...##.....##.#
..'.......#.#


You could see a gargoyle.

Vanquished Creatures
  A cyclops (D:6)
  A gargoyle (D:7)
  A water moccasin (Sewer)
  An ice beast (D:6)
  2 orc warriors
  3 black bears
  2 necrophages
  3 ogres
  3 centaurs
  A kobold brigand (D:4)
  3 bullfrogs
  2 scorpions (D:6)
  A water moccasin zombie (D:5)
  4 wights (D:8)
  3 centaur zombies
  A hound (D:6)
  2 gnoll shamans
  A centaur skeleton (D:6)
  An orc priest (D:5)
  3 bullfrog skeletons
  6 iguanas
  10 orc wizards
  A mummy (D:3)
  A howler monkey zombie (D:5)
  11 gnolls
  8 adders
  4 worms
  4 dart slugs
  29 orcs
  3 endoplasms
  5 giant cockroaches
  5 goblins
  12 hobgoblins
  6 jackals
  13 kobolds
  3 quokkas
  7 ball pythons
  5 bats
  3 frilled lizards
  7 rats
182 creatures vanquished.

Notes
Turn   | Place    | Note
-------+----------+-------------------------------------------
     0 | D:1      | belegose the Merfolk Gladiator began the quest for the Orb.
     0 | D:1      | Reached XP level 1. HP: 16/16 MP: 1/1
    90 | D:1      | Reached XP level 2. HP: 23/23 MP: 2/2
    91 | D:1      | Found a faded altar of an unknown god.
   433 | D:1      | Reached XP level 3. HP: 28/28 MP: 3/3
   835 | D:2      | Reached skill level 5 in Polearms
  1057 | D:2      | Reached XP level 4. HP: 28/35 MP: 4/4
  1281 | D:2      | Found a shadowy altar of Dithmenos.
  1626 | D:3      | Noticed a bullfrog
  1634 | D:3      | Killed a bullfrog
  1635 | D:3      | Reached skill level 5 in Dodging
  1635 | D:3      | Reached XP level 5. HP: 39/41 MP: 5/5
  1644 | D:3      | Found a white marble altar of Elyvilon.
  1658 | D:3      | Found a shimmering altar of Xom.
  1728 | D:3      | Found a shimmering blue altar of Sif Muna.
  1815 | D:3      | Found a blossoming altar of Fedhas.
  2027 | D:3      | Found a snail-covered altar of Cheibriados.
  2886 | D:4      | Noticed a kobold brigand
  2898 | D:4      | Killed a kobold brigand
  2899 | D:4      | Reached skill level 6 in Polearms
  2899 | D:4      | Reached XP level 6. HP: 43/48 MP: 6/6
  3517 | D:4      | Noticed a black bear
  3528 | D:4      | Killed a black bear
  3529 | D:4      | Reached XP level 7. HP: 46/55 MP: 7/7
  3809 | D:4      | Found a radiant altar of Vehumet.
  3853 | D:4      | Found a basalt altar of Yredelemnul.
  3976 | D:5      | Entered Level 5 of the Dungeon
  4039 | D:5      | Reached skill level 7 in Polearms
  4229 | D:5      | Reached skill level 5 in Fighting
  4364 | D:5      | Found Cetoc's Firing Range.
  4509 | D:5      | Bought 8 javelins for 83 gold pieces
  4579 | D:5      | Reached XP level 8. HP: 53/62 MP: 8/8
  5124 | D:4      | Reached skill level 8 in Polearms
  5124 | D:4      | Reached skill level 5 in Throwing
  5538 | D:6      | Found a glowing drain.
  5546 | Sewer    | Entered a sewer
  5998 | D:6      | Reached skill level 9 in Polearms
  6066 | D:6      | Reached XP level 9. HP: 66/71 MP: 9/9
  7025 | D:7      | Noticed a cyclops
  7286 | D:7      | Noticed a gargoyle
  7307 | D:7      | Killed a gargoyle
  7308 | D:7      | Reached skill level 10 in Polearms
  7587 | D:6      | Killed a cyclops
  8081 | D:7      | Found a staircase to the Ecumenical Temple.
  8137 | Temple   | Entered the Ecumenical Temple
  8211 | Temple   | Became a worshipper of Makhleb the Destroyer
  8268 | D:8      | Found a broken altar of Ashenzari.
  8416 | D:8      | Reached skill level 1 in Invocations
  8416 | D:8      | Reached skill level 1 in Evocations
  8416 | D:8      | Reached XP level 10. HP: 78/80 MP: 10/10
  8783 | D:8      | Reached skill level 1 in Armour
  9309 | D:8      | Reached * piety under Makhleb
  9402 | D:8      | Noticed a gargoyle
  9412 | D:8      | HP: 1/80 [gargoyle (13)]
  9415 | D:8      | Gained mutation: You expend magic power (3 MP) to
                  | strengthen your wands. [potion of mutation]
  9415 | D:8      | Gained mutation: You have supernaturally acute eyesight.
                  | (SInv) [potion of mutation]
  9418 | D:8      | Mangled by a gargoyle

Illustrated notes

Levels and vault maps discovered:
D:1:      scummos_arrival_gate, layout_loops_cross, basic_ecumenical_altar,
          minmay_surrounded
D:2:      layout_basic, basic_altar
D:3:      layout_basic, mainiacjoe_overflow_concentric_impassable,
          mainiacjoe_overflow_24_doors, elyvilon_altar_5, slow_altar_1,
          general_overflow_altar, serial_rivers, chequers_serial_rivers_small_a,
          chequers_serial_rivers_micro_c, chequers_serial_rivers_micro_e,
          chequers_serial_rivers_large_b, chequers_serial_rivers_micro_a,
          chequers_serial_rivers_micro_b
D:4:      black_bear_nest_1, layout_loops_ring, marbit_many_paths,
          kennysheep_little_box, kennysheep_generic_room_9
D:5:      layout_basic, nicolae_shop_firing_range
D:6:      layout_basic, cheibrodos_sewer_entry_drain
D:7:      layout_cave_pools, minmay_temple_entry_poolview
D:8:      layout_loops_corners, nicolae_ashenzari_skybound
Temple:   dshaligram_water_room_temple

Skill      XL: |  1  2  3  4  5  6  7  8  9 10 |
---------------+-------------------------------+-----
Polearms       | 5 6 7 9 10 | 10.8
Fighting       | 3 4 5 6 7 |  7.6
Throwing       | 3 4 5 7 |  7.0
Dodging        | 5 6 7 8 9 |  9.7
Invocations    | 1 2 |  2.2
Evocations     | 1 2 |  2.0
Armour         | 1 |  1.3

Action                   |  1- 3 |  4- 6 |  7- 9 | 10-12 || total
-------------------------+-------+-------+-------+-------++-------
Melee: Trident           |    99 |   181 |   476 |   110 ||   866
Throw: Dart              |       |    13 |    29 |       ||    42
       Javelin           |       |       |     4 |       ||     4
       Stone             |       |       |     7 |     2 ||     9
  Use: Potion            |       |       |     1 |     4 ||     5
Armor: Leather armour    |     6 |       |       |       ||     6
       Ring mail         |    25 |    21 |    84 |     7 ||   137
       Skin              |       |       |     3 |       ||     3
Dodge: Dodged            |    45 |   134 |   363 |    65 ||   607
